 Dungeon Crawl Stone Soup version 0.28.0-49-g6dfe1f597d (webtiles) character file.

Game seed: 11117215538284999912

7 Exodus22XD the Skirmisher (level 2, 0/19 HPs)
             Began as a Gargoyle Monk on May 15, 2022.
             Slain by a quokka (2 damage)
             ... on level 1 of the Dungeon.
             The game lasted 00:00:25 (105 turns).

Exodus22XD the Skirmisher (Gargoyle Monk)            Turns: 105, Time: 00:00:25

Health: 0/19       AC:  4    Str: 14    XL:     2   Next: 4%
Magic:  2/2        EV: 12    Int: 10    God:
Gold:   8          SH:  0    Dex: 12    Spells: 1/1 levels left

rFire   . . .      SeeInvis .   a - +0 mace
rCold   . . .      Faith    .   (no shield)
rNeg    + . .      Spirit   .   b - +0 robe
rPois   ∞          Reflect  .   (no helmet)
rElec   +          Harm     .   (no cloak)
rCorr   .          Rampage  .   (no gloves)
Will    .....                   (no boots)
Stlth   ++........              (no amulet)
HPRegen 0.06/turn               (no ring)
MPRegen 0.08/turn               (no ring)

@: no status effects
A: sickness immunity, AC +2, negative energy resistance 1, electricity
resistance, torment resistance 1, petrification resistance
a: no special abilities


You were on level 1 of the Dungeon.
You visited 1 branch of the dungeon, and saw 1 of its levels.

You collected 8 gold pieces.

Inventory:

Hand Weapons
 a - a +0 mace (weapon)
Armour
 b - a +0 robe (worn)
Jewellery
 c - a ring of flight
Scrolls
 d - a scroll of teleportation {unknown}
 e - a scroll of magic mapping {unknown}


   Skills:
 + Level 3.4 Fighting
 + Level 3.1 Maces & Flails
 + Level 2.5 Dodging
 + Level 2.2 Stealth


You had one spell level left.
You didn't know any spells.
Your spell library was empty.

Dungeon Overview and Level Annotations

Branches:
Dungeon (1/15)

Altars:


Innate Abilities, Weirdness & Mutations

You are immune to sickness and miasma.
Your stone body is resilient. (AC +2)
You are immune to poison.
You resist negative energy. (rN+)
You are resistant to electric shocks. (rElec)
You are resistant to unholy torment.
You are immune to petrification.


Message History

There are monsters nearby!
You hit the ball python but do no damage.
The goblin hits you with a +0 club.
The ball python bites you but does no damage.
The ball python constricts you. The ball python barely misses you.
You sock the ball python!
You kill the ball python!
The ball python completely misses you. The ball python closely misses you.
The goblin closely misses you. The ball python barely misses you.
The ball python grabs you. The ball python constricts you.
You escape the ball python's grasp.
You hit the goblin.
You kill the goblin!
The ball python bites you but does no damage.
The ball python misses you.
You have reached level 2!
You hit the ball python.
You kill the ball python!
The goblin barely misses you. x2
You hit the quokka.
The quokka is almost dead.
The quokka closely misses you. The goblin hits you with a +0 club.
The quokka completely misses you.
You barely miss the quokka.
The quokka is almost dead.
The quokka closely misses you. The goblin hits you but does no damage.
You closely miss the quokka.
The quokka is almost dead.
The quokka bites you but does no damage.
The dart slug bites you but does no damage.
The goblin hits you with a +0 club. The quokka barely misses you.
You hit the dart slug but do no damage. The goblin hits you with a +0 club.
* * * LOW HITPOINT WARNING * * *
The dart slug bites you but does no damage.
The quokka barely misses you. The goblin hits you with a +0 club.
* * * LOW HITPOINT WARNING * * *
You hit the dart slug.
The dart slug is heavily wounded.
The quokka bites you.
You die...

#....##...≈..≈≈≈..≈..
##....#.....≈≈≈≈≈≈≈...
#.........≈≈≈≈...≈≈≈≈.
#.......≈≈≈≈≈..<..≈≈≈≈
#.........≈≈≈≈...≈≈≈≈.
#.....#.....≈≈≈≈≈≈≈...
#.....##...≈..≈≈≈..†..
#######8..≈....≈....≈.
##@#.....#..≈..#...
#wrgK..####...####.
#....### ##.## ##
#...... ...
#............
#..........(
##........# .........#
..........


You could see a dart slug, a quokka, a goblin and a kobold.

Vanquished Creatures
  2 ball pythons (D:1)
  2 endoplasms (D:1)
  A goblin (D:1)
  A bat (D:1)
  A rat (D:1)
7 creatures vanquished.

Notes
Turn   | Place    | Note
-------+----------+-------------------------------------------
     0 | D:1      | Exodus22XD the Gargoyle Monk began the quest for the Orb.
     0 | D:1      | Reached XP level 1. HP: 14/14 MP: 1/1
   100 | D:1      | Reached XP level 2. HP: 10/19 MP: 2/2
   105 | D:1      | Slain by a quokka

Illustrated notes

Levels and vault maps discovered:
D:1:      eino_arrival_water_star, layout_rooms,
          ebering_ecumenical_altar_petrified

Action                   || total
-------------------------++-------
Melee: Mace              ||    30
       Punch             ||     1
 Stab: Sleeping          ||     1
Armor: Robe              ||    23
Dodge: Dodged            ||    35
